[Event "K11"]
[Site "?"]
[Date "2024.07.23"]
[Round "4"]
[White "Feierfeil, Jiri"]
[Black "Pranner, Marion"]
[Result "1-0"]
[ECO "B13"]
[WhiteElo "1738"]
[BlackElo "2055"]
[Annotator ",martin-koller@seznam"]
[PlyCount "79"]
[TimeControl "240+2"]

{600MB, Fritz10.ctg} 1. d4 d5 2. Bf4 Nf6 3. e3 e6 4. Nd2 c5 5. c3 Nc6 6. Bd3
cxd4 7. exd4 Ne7 8. h3 Ng6 9. Bg5 Be7 10. Ngf3 h6 11. Be3 Qc7 12. Qc2 Nf4 13.
Bxf4 Qxf4 14. Ne5 h5 15. g3 Qh6 16. O-O-O Bd6 17. Kb1 a6 18. Rhf1 g6 19. f4 Nd7
20. Ndf3 Nxe5 21. dxe5 Bc5 22. Ng5 Bd7 23. Qe2 h4 24. g4 O-O-O 25. Nxf7 Qf8 26.
Nxh8 Qxh8 27. Bxg6 Qh6 28. Bd3 Rf8 29. f5 exf5 30. Bxf5 Bxf5+ 31. Rxf5 Rd8 32.
g5 Qg6 33. Qc2 Qe6 34. Rdf1 Kb8 35. Qe2 d4 36. cxd4 Bxd4 37. Rf8 Rxf8 38. Rxf8+
Ka7 39. Rf3 Bxe5 40. Qf2+ 1-0

[Event "K11"]
[Site "?"]
[Date "2024.07.23"]
[Round "4"]
[White "Schimmer, Michael"]
[Black "Marsalek, Lubos"]
[Result "1/2-1/2"]
[ECO "B65"]
[WhiteElo "1861"]
[BlackElo "1914"]
[Annotator ",martin-koller@seznam"]
[PlyCount "71"]
[TimeControl "240+2"]

{600MB, Fritz10.ctg} 1. e4 c5 2. Nf3 Nc6 3. d4 cxd4 4. Nxd4 Nf6 5. Nc3 d6 6.
Bg5 e6 7. Qd2 Be7 8. O-O-O Nxd4 9. Qxd4 O-O 10. f4 Qa5 11. Bc4 Rd8 12. Rhf1 Bd7
13. f5 Rac8 14. Bb3 e5 15. Qd3 Bc6 16. Bxf6 Bxf6 17. Kb1 Qc5 18. Qf3 b5 19. Qh5
Rc7 20. g4 Qe3 21. Rd3 Qg5 22. Qxg5 Bxg5 23. Rfd1 b4 24. Nd5 Rb7 25. Rh3 a5 26.
Rh5 a4 27. Bc4 h6 28. h4 Bf4 29. g5 Bxd5 30. Bxd5 Rc7 31. gxh6 gxh6 32. Rg1+
Kf8 33. Rg2 Rc5 34. f6 Rdc8 35. Rf5 R8c7 36. Rh5 1/2-1/2

[Event "K11"]
[Site "?"]
[Date "2024.07.23"]
[Round "4"]
[White "Thomasson, Staffan"]
[Black "Thalheim, Peter"]
[Result "1/2-1/2"]
[ECO "D40"]
[WhiteElo "1871"]
[BlackElo "1866"]
[Annotator ",martin-koller@seznam"]
[PlyCount "145"]
[TimeControl "240+2"]

{600MB, Fritz10.ctg} 1. c4 c5 2. e3 e6 3. Nf3 d5 4. d4 Nf6 5. Nc3 Nc6 6. Bd3
cxd4 7. exd4 dxc4 8. Bxc4 Be7 9. O-O O-O 10. Re1 Na5 11. Bd3 b6 12. Bg5 h6 13.
Bh4 Bb7 14. Be2 Ne4 15. Bxe7 Qxe7 16. Rc1 Rfd8 17. a3 Rac8 18. Nxe4 Bxe4 19. b4
Rxc1 20. Qxc1 Bxf3 21. Bxf3 Nb3 22. Qc4 Nxd4 23. Bg4 Qg5 24. h3 Qd5 25. Qc7 Nb5
26. Qe7 Qg5 27. Qb7 Rd2 28. a4 h5 29. Bxe6 fxe6 30. axb5 Qf4 31. Rf1 Qxb4 32.
Qxa7 Qxb5 33. Qa8+ Kh7 34. Qe4+ Qf5 35. Qe3 Rb2 36. Qd4 Rb1 37. Rxb1 Qxb1+ 38.
Kh2 b5 39. Qe5 Qf5 40. Qb2 g5 41. Qe2 Kg6 42. Qb2 h4 43. Kg1 Qd5 44. Qh8 Kf5
45. Qf8+ Ke5 46. Qg7+ Ke4 47. Qe7 Kd3 48. Qa3+ Kc2 49. Qb4 e5 50. Qe7 e4 51.
Qa3 Qc4 52. Qe3 Kb2 53. Kh2 Qc7+ 54. g3 hxg3+ 55. Kg2 gxf2 56. Qe2+ Kc3 57.
Qxb5 Qf4 58. Qc5+ Kd3 59. Qa3+ Kd2 60. Qb2+ Kd3 61. Qb3+ Kd4 62. Qb4+ Kd5 63.
Qb5+ Ke6 64. Qc6+ Kf5 65. Qd7+ Kg6 66. Qe6+ Kg7 67. Qe7+ Kg8 68. Qe8+ Kg7 69.
Qe7+ Qf7 70. Qxg5+ Qg6 71. Qxg6+ Kxg6 72. Kxf2 Kg5 73. Ke3 1/2-1/2

[Event "M11"]
[Site "?"]
[Date "2024.07.23"]
[Round "5"]
[White "Zwick, Hubert"]
[Black "Nilsson, Patrik"]
[Result "0-1"]
[ECO "A80"]
[WhiteElo "2018"]
[BlackElo "2099"]
[Annotator ",martin-koller@seznam"]
[PlyCount "56"]
[TimeControl "240+2"]

{600MB, Fritz10.ctg} 1. d4 f5 2. h3 Nf6 3. g4 d5 4. Bf4 e6 5. gxf5 exf5 6. e3
Bd6 7. Ne2 O-O 8. Nd2 Be6 9. Be5 Nc6 10. Nf4 Qe7 11. Bxd6 Qxd6 12. c3 Rfe8 13.
Qf3 Bf7 14. Rg1 Ne4 15. O-O-O b5 16. Bxb5 Rab8 17. Nxe4 dxe4 18. Qg2 g6 19. a4
a6 20. Be2 Rb3 21. Kc2 Reb8 22. Rb1 Nxd4+ 23. exd4 Qxf4 24. Qg3 Rxb2+ 25. Rxb2
Rxb2+ 26. Kxb2 Qd2+ 27. Ka3 Qa2+ 28. Kb4 Qb3+ 0-1

[Event "M11"]
[Site "?"]
[Date "2024.07.23"]
[Round "5"]
[White "Aubrecht, Petr"]
[Black "Svoboda, Daniel"]
[Result "1-0"]
[ECO "A02"]
[WhiteElo "1984"]
[BlackElo "1920"]
[Annotator ",martin-koller@seznam"]
[PlyCount "61"]
[TimeControl "240+2"]

{600MB, Fritz10.ctg} 1. b3 b6 2. Bb2 Bb7 3. e3 e6 4. f4 Nf6 5. Nf3 c5 6. Be2
Be7 7. O-O O-O 8. Qe1 d5 9. Qg3 Nc6 10. d3 d4 11. e4 b5 12. Nbd2 Qc7 13. Ne5
Nxe5 14. fxe5 Nd7 15. Nf3 f6 16. Qh3 Nxe5 17. Qxe6+ Kh8 18. Nxe5 fxe5 19. Rxf8+
Rxf8 20. Rf1 Bf6 21. Qh3 c4 22. Ba3 Rd8 23. Bg4 Bc8 24. Be6 Re8 25. Bxc8 Qxc8
26. Qh5 Be7 27. Bxe7 Rxe7 28. bxc4 bxc4 29. dxc4 Rc7 30. Qxe5 Rxc4 31. Qe7 1-0

[Event "M11"]
[Site "?"]
[Date "2024.07.23"]
[Round "5"]
[White "Hanl, Frantisek"]
[Black "Giertli, Vladimir"]
[Result "0-1"]
[ECO "B08"]
[WhiteElo "2098"]
[BlackElo "1959"]
[Annotator ",martin-koller@seznam"]
[PlyCount "51"]
[TimeControl "240+2"]

{600MB, Fritz10.ctg} 1. e4 d6 2. d4 Nf6 3. Nc3 c6 4. Nf3 g6 5. Bg5 Qc7 6. a4
Nbd7 7. Qd2 h6 8. Bh4 g5 9. Bg3 Nh5 10. Bc4 Bg7 11. O-O Nxg3 12. hxg3 Nb6 13.
Bb3 Be6 14. d5 Bg4 15. Rae1 Bxf3 16. gxf3 c5 17. Nb5 Qd8 18. a5 Nd7 19. f4 gxf4
20. gxf4 a6 21. Na3 Qc7 22. Nc4 O-O-O 23. Ba4 Kb8 24. Re3 Rdg8 neèitelné 0-1

[Event "M11"]
[Site "?"]
[Date "2024.07.23"]
[Round "5"]
[White "Verner, Matej"]
[Black "Hansch, Stephan"]
[Result "0-1"]
[ECO "B50"]
[WhiteElo "2067"]
[BlackElo "2150"]
[Annotator ",martin-koller@seznam"]
[PlyCount "100"]
[TimeControl "240+2"]

{600MB, Fritz10.ctg} 1. e4 c5 2. Nf3 d6 3. Bc4 e6 4. O-O Nf6 5. Re1 Be7 6. Bb3
O-O 7. c3 b5 8. d4 Bb7 9. Nbd2 Nbd7 10. Bc2 cxd4 11. cxd4 e5 12. d5 Rc8 13. Nf1
a5 14. Ng3 g6 15. h4 h5 16. Ng5 Nh7 17. Bd3 Nxg5 18. hxg5 Bxg5 19. Bxb5 Nc5 20.
Nxh5 Nxe4 21. Rxe4 Bxc1 22. Rxc1 Qg5 23. Bc6 Qxh5 24. Qxh5 gxh5 25. Ra4 Ba6 26.
Rxa5 Bd3 27. Rc3 e4 28. b4 f5 29. b5 Rb8 30. a4 f4 31. Ra7 h4 32. Bd7 Kf7 33.
Be6+ Kf6 34. f3 Ke5 35. fxe4 Bxe4 36. Rc1 f3 37. gxf3 Rxf3 38. Rg7 Ra3 39. Ra7
Rxb5 40. axb5 Rxa7 41. Kh2 Ra3 42. Rg1 Rb3 43. Rg5+ Kd4 44. Rg4 Rxb5 45. Rxh4
Ke3 46. Rh3+ Kf2 47. Ra3 Bxd5 48. Bxd5 Rxd5 49. Ra2+ Ke3 50. Kg2 Rd2+ 0-1

[Event "K11"]
[Site "?"]
[Date "2024.07.23"]
[Round "5"]
[White "Lampe, Thomas"]
[Black "Thomasson, Staffan"]
[Result "1-0"]
[ECO "B10"]
[WhiteElo "1926"]
[BlackElo "1871"]
[Annotator ",martin-koller@seznam"]
[PlyCount "77"]
[TimeControl "240+2"]

{600MB, Fritz10.ctg} 1. e4 g6 2. d4 c6 3. c4 d5 4. exd5 cxd5 5. cxd5 Nf6 6.
Qa4+ Nbd7 7. Nc3 Bg7 8. Bg5 O-O 9. Qb3 Nb6 10. Bxf6 Bxf6 11. Nf3 e6 12. d6 Qxd6
13. Ne4 Qe7 14. Nxf6+ Qxf6 15. Be2 Bd7 16. Ne5 Rfd8 17. Bf3 Ba4 18. Qb4 Rab8
19. b3 Be8 20. O-O Nd5 21. Qa5 a6 22. Rac1 Ne7 23. Bxb7 Rxd4 24. Qc7 Rbd8 25.
Nf3 R4d7 26. Qb6 Rb8 27. Rc7 Nd5 28. Qa7 Rdd8 29. Bxd5 exd5 30. Nd4 Qd6 31. Qc5
Qf4 32. Rd1 Qg4 33. f3 Qg5 34. Kf2 Bd7 35. Nc6 Bxc6 36. Rxc6 Qh4+ 37. Kg1 d4
38. g3 Rb5 39. gxh4 1-0

[Event "K11"]
[Site "?"]
[Date "2024.07.23"]
[Round "5"]
[White "Marsalek, Lubos"]
[Black "Rull, Michael"]
[Result "1-0"]
[ECO "E60"]
[WhiteElo "1914"]
[BlackElo "1842"]
[Annotator ",martin-koller@seznam"]
[PlyCount "52"]
[TimeControl "240+2"]

{600MB, Fritz10.ctg} 1. c4 Nf6 2. Nf3 g6 3. b3 Bg7 4. Bb2 O-O 5. g3 d6 6. d4
Bf5 7. Bg2 Qc8 8. O-O Bh3 9. Nc3 Bxg2 10. Kxg2 Nh5 11. Nd5 Nc6 12. e3 f5 13.
Nf4 e5 14. dxe5 Nxe5 15. Nxh5 gxh5 16. Nxe5 dxe5 17. Qd5+ Rf7 18. Bxe5 c6 19.
Qd4 h4 20. Bxg7 h3+ 21. Kg1 Rxg7 22. Rad1 Qe6 23. Qh4 Rd7 24. Qxh3 Rad8 25. Qh5
Qf6 26. Rxd7 Rxd7 1-0

[Event "K11"]
[Site "?"]
[Date "2024.07.23"]
[Round "5"]
[White "Docekalova, Alexandra"]
[Black "Korenek, Frantisek"]
[Result "1/2-1/2"]
[ECO "D12"]
[WhiteElo "1979"]
[BlackElo "1886"]
[Annotator ",martin-koller@seznam"]
[PlyCount "96"]
[TimeControl "240+2"]

{600MB, Fritz10.ctg} 1. Nf3 d5 2. d4 Nf6 3. e3 c6 4. Be2 Bf5 5. O-O e6 6. c4
Bd6 7. Nc3 Nbd7 8. a3 Bg4 9. b4 O-O 10. Bb2 Bb8 11. Ne1 Bxe2 12. Qxe2 Nb6 13.
c5 Nc4 14. Nd3 Nd7 15. Bc1 e5 16. Nb2 Nxb2 17. Qxb2 exd4 18. exd4 Qh4 19. f4
Nf6 20. g3 Qg4 21. Re1 Bc7 22. Qe2 Rae8 23. Qf2 Rxe1+ 24. Qxe1 Re8 25. Qf2 Ne4
26. Nxe4 Rxe4 27. Be3 h5 28. Kg2 h4 29. Qf3 Qe6 30. Bf2 h3+ 31. Kf1 Qf5 32. Re1
Rxe1+ 33. Bxe1 Qc2 34. Qe2 Qxe2+ 35. Kxe2 f5 36. Kf3 Kf7 37. g4 fxg4+ 38. Kxg4
Kf6 39. Bh4+ Kf7 40. Bg5 g6 41. Kxh3 b6 42. Kg4 bxc5 43. bxc5 Ke6 44. Kf3 Kf5
45. Ke3 a6 46. h3 Ke6 47. Bh6 Bd8 48. Bg5 Bc7 1/2-1/2

[Event "K12"]
[Site "?"]
[Date "2024.07.23"]
[Round "5"]
[White "Wust, Klaus"]
[Black "Schoenmakers, Nico"]
[Result "1/2-1/2"]
[ECO "B51"]
[WhiteElo "1959"]
[BlackElo "1879"]
[Annotator ",martin-koller@seznam"]
[PlyCount "44"]
[TimeControl "240+2"]

{600MB, Fritz10.ctg} 1. e4 c5 2. Nf3 d6 3. Bb5+ Nc6 4. O-O Bd7 5. Re1 e6 6. c3
a6 7. Bf1 Be7 8. d4 cxd4 9. cxd4 Rc8 10. Nc3 Nf6 11. e5 dxe5 12. dxe5 Ng8 13.
Bf4 g5 14. Bc1 h5 15. Ne4 g4 16. Nfg5 Nb4 17. Re2 Bc6 18. Rd2 Nd5 19. Rd3 Qc7
20. f4 Nh6 21. Kh1 Nf5 22. Bd2 Kf8 1/2-1/2

[Event "K12"]
[Site "?"]
[Date "2024.07.23"]
[Round "5"]
[White "Vlasak, Miloslav"]
[Black "Cisarik, Pavol"]
[Result "1-0"]
[ECO "A23"]
[WhiteElo "1943"]
[BlackElo "1789"]
[Annotator ",martin-koller@seznam"]
[PlyCount "51"]
[TimeControl "240+2"]

{600MB, Fritz10.ctg} 1. c4 Nf6 2. Nc3 e6 3. g3 d5 4. cxd5 exd5 5. Bg2 c5 6. d4
cxd4 7. Qxd4 Nc6 8. Qa4 Bb4 9. Bd2 O-O 10. a3 Bxc3 11. Bxc3 Be6 12. e3 Nd7 13.
Ne2 Nc5 14. Qd1 Qd7 15. Nf4 Rad8 16. O-O d4 17. exd4 Nb3 18. d5 Nxa1 19. Qxa1
Bf5 20. dxc6 bxc6 21. Qc1 Rfe8 22. Nh5 Re2 23. Qg5 Bg6 24. Bxg7 Qd2 25. Bf6
Qxg5 26. Bxg5 1-0

[Event "K12"]
[Site "?"]
[Date "2024.07.23"]
[Round "5"]
[White "Hager, Eberhard"]
[Black "Niese, Dieter"]
[Result "0-1"]
[ECO "C01"]
[WhiteElo "1834"]
[BlackElo "1933"]
[Annotator ",martin-koller@seznam"]
[PlyCount "92"]
[TimeControl "240+2"]

{600MB, Fritz10.ctg} 1. e4 e6 2. d4 d5 3. exd5 exd5 4. Bd3 Nf6 5. Ne2 Be7 6.
O-O O-O 7. c3 b6 8. Ng3 Re8 9. Qc2 h6 10. Nd2 c5 11. dxc5 bxc5 12. Bb5 Bd7 13.
Bxd7 Nbxd7 14. Nf3 Qc7 15. Bd2 Bd6 16. Rae1 Ne5 17. Nxe5 Bxe5 18. Kh1 Rab8 19.
Bc1 Re6 20. f4 Bd6 21. Rxe6 fxe6 22. Qe2 Re8 23. Qc2 e5 24. Nf5 exf4 25. Nxd6
Qxd6 26. Qf5 Re4 27. Qc8+ Kh7 28. Qf5+ g6 29. Qh3 g5 30. Qd3 Kg7 31. b3 Qe6 32.
h3 Re1 33. Ba3 c4 34. bxc4 dxc4 35. Qf3 Rxf1+ 36. Qxf1 Nh5 37. Qf2 Ng3+ 38. Kh2
a6 39. Bc5 Kg6 40. Qf3 Qe4 41. Qd1 Qd3 42. Qe1 Ne2 43. Kh1 Kf5 44. g4+ fxg3 45.
Qf1+ Nf4 46. Qe1 Qf3+ 0-1

[Event "M11"]
[Site "?"]
[Date "2024.07.23"]
[Round "5"]
[White "Melerowicz, Thomas"]
[Black "Tesar , Jakub"]
[Result "0-1"]
[ECO "D04"]
[WhiteElo "2017"]
[BlackElo "2064"]
[Annotator ",martin-koller@seznam"]
[PlyCount "96"]
[TimeControl "240+2"]

{600MB, Fritz10.ctg} 1. d4 d5 2. Nf3 Nf6 3. e3 c5 4. c3 Nbd7 5. Bd3 g6 6. Nbd2
Bg7 7. O-O O-O 8. b3 b6 9. Bb2 Bb7 10. Rc1 Qc7 11. c4 dxc4 12. bxc4 e6 13. Re1
Rfd8 14. Qe2 Rac8 15. Ne5 cxd4 16. exd4 Nxe5 17. dxe5 Qc6 18. Be4 Nxe4 19. Nxe4
Qxe4 20. Qxe4 Bxe4 21. Rxe4 Rd2 22. Ba3 Rxa2 23. Bd6 Bh6 24. f4 Ra4 25. Kf2 b5
26. Ke3 bxc4 27. Rc3 Bf8 28. Rd4 Bxd6 29. exd6 Kf8 30. Ke4 Rd8 31. Ke5 Ra5+ 32.
Ke4 Rc5 33. g4 Ke8 34. Rdxc4 Rxc4+ 35. Rxc4 Rxd6 36. Ke5 Ke7 37. g5 a5 38. h4
Rd5+ 39. Ke4 Rd7 40. Ke5 Ra7 41. Ra4 Ra6 42. Ke4 Kd6 43. Kd4 Kc6 44. Ke5 Kb5
45. Ra1 a4 46. Kf6 e5+ 47. Kxe5 Kc4 48. h5 Re6# 0-1

[Event "K11"]
[Site "?"]
[Date "2024.07.23"]
[Round "5"]
[White "Pranner, Marion"]
[Black "Schimmer, Michael"]
[Result "0-1"]
[ECO "B40"]
[WhiteElo "2055"]
[BlackElo "1861"]
[Annotator ",martin-koller@seznam"]
[PlyCount "47"]
[TimeControl "240+2"]

{600MB, Fritz10.ctg} 1. e4 c5 2. Nf3 e6 3. d4 cxd4 4. Nxd4 Nf6 5. Bd3 Nc6 6.
Nb3 d5 7. exd5 Nxd5 8. O-O Bd6 9. N1d2 O-O 10. Ne4 Be5 11. Qh5 g6 12. Qf3 Bg7
13. c3 Ne5 14. Qd1 Nxc3 15. Nxc3 Qxd3 16. Qxd3 Nxd3 17. Rd1 Ne5 18. Nb5 Bd7 19.
Nd6 Bc6 20. Nd4 Bd5 21. N4b5 Rfd8 neèitelné 0-1

[Event "K12"]
[Site "?"]
[Date "2024.07.23"]
[Round "5"]
[White "Tichy, Petr"]
[Black "Von Borstel, Michael"]
[Result "1-0"]
[ECO "D02"]
[WhiteElo "1922"]
[BlackElo "1862"]
[Annotator ",martin-koller@seznam"]
[PlyCount "131"]
[TimeControl "240+2"]

{600MB, Fritz10.ctg} 1. Nf3 c5 2. g3 Nc6 3. Bg2 Nf6 4. O-O d5 5. d4 e6 6. b3
cxd4 7. Nxd4 Bc5 8. Bb2 O-O 9. c4 Qb6 10. Nxc6 bxc6 11. cxd5 cxd5 12. Bxf6 gxf6
13. Nc3 Be7 14. e4 d4 15. Na4 Qd8 16. e5 Rb8 17. Qg4+ Kh8 18. Qh5 Bb7 19. Bxb7
Rxb7 20. exf6 Bxf6 21. Nc5 Rc7 22. Ne4 Rg8 23. Rad1 Rd7 24. Qf3 Bg7 25. Nc5 Rd5
26. b4 Qe7 27. Rfe1 Rgd8 28. Rd3 e5 29. Re4 R5d6 30. Rh4 Rh6 31. Re4 Qf6 32.
Qe2 Kg8 33. f4 exf4 34. Rxf4 Qc6 35. Qe7 Qe8 36. Rxf7 Qxf7 37. Qxd8+ Bf8 38.
Nd7 Rd6 39. Qxf8+ Qxf8 40. Nxf8 Kxf8 41. Kf2 Ke7 42. Kf3 Rf6+ 43. Ke4 Rf2 44.
Ra3 Rxh2 45. Rxa7+ Kd6 46. Kxd4 Kc6 47. a4 h5 48. b5+ Kb6 49. Ra6+ Kb7 50. a5
h4 51. g4 Rg2 52. Rg6 h3 53. Rg7+ Kb8 54. Rg8+ Kb7 55. Rg7+ Kb8 56. Kc5 h2 57.
Kb6 Kc8 58. Rg8+ Kd7 59. Rh8 Rxg4 60. Rxh2 Rg6+ 61. Kb7 Rg5 62. Rb2 Rc5 63. a6
Rc7+ 64. Kb6 Kc8 65. a7 Rb7+ 66. Ka6 1-0

[Event "K11"]
[Site "?"]
[Date "2024.07.23"]
[Round "5"]
[White "Thalheim, Peter"]
[Black "Feierfeil, Jiri"]
[Result "0-1"]
[ECO "A36"]
[WhiteElo "1866"]
[BlackElo "1738"]
[Annotator ",martin-koller@seznam"]
[PlyCount "146"]
[TimeControl "240+2"]

{600MB, Fritz10.ctg} 1. c4 c5 2. Nc3 Nc6 3. g3 Nf6 4. Bg2 e6 5. e4 d6 6. Nge2
Be7 7. d4 cxd4 8. Nxd4 Bd7 9. Ndb5 Qb8 10. Bf4 e5 11. Be3 a6 12. Na3 Na7 13.
O-O O-O 14. Na4 Nc8 15. Nb6 Nxb6 16. Bxb6 Bc6 17. f3 Nd7 18. Qb3 Nxb6 19. Qxb6
Qc8 20. Rac1 Qe6 21. b3 g6 22. Nc2 a5 23. Qf2 f5 24. exf5 gxf5 25. f4 e4 26.
Nd4 Qd7 27. Rcd1 Bf6 28. Nxc6 bxc6 29. Qd2 Qa7+ 30. Kh1 Rad8 31. Rfe1 d5 32.
cxd5 cxd5 33. Bh3 Bg7 34. Bxf5 Rxf5 35. Rxe4 d4 36. Qd3 Qb7 37. Kg1 Rfd5 38.
Rde1 Qc6 39. Re6 R5d6 40. Rxd6 Rxd6 41. Rd1 Re6 42. Kf2 Re3 43. Qc4+ Qxc4 44.
bxc4 Rc3 45. Rb1 Rxc4 46. Rb8+ Bf8 47. Ke2 Rc2+ 48. Kd3 Rxh2 49. Kxd4 Rxa2 50.
g4 Kf7 51. Rb7+ Be7 52. g5 Ke8 53. Rb8+ Kd7 54. Rb7+ Kd6 55. f5 Bxg5 56. Rxh7
Ra4+ 57. Kc3 Ke5 58. Kb3 Rb4+ 59. Ka3 Kxf5 60. Rc7 Rb5 61. Rd7 Ke6 62. Rd3 Rd5
63. Rb3 Bd2 64. Rb6+ Ke5 65. Rg6 Bb4+ 66. Ka4 Kd4 67. Rg4+ Kc5 68. Kb3 Kb5 69.
Rg8 Rd3+ 70. Kc2 Rc3+ 71. Kb2 Rh3 72. Rg5+ Ka4 73. Rg4 Rh2+ 0-1

[Event "K12"]
[Site "?"]
[Date "2024.07.23"]
[Round "5"]
[White "Pokorny, Jan"]
[Black "Schunke, Oliver"]
[Result "0-1"]
[ECO "D02"]
[WhiteElo "1840"]
[BlackElo "1878"]
[Annotator ",martin-koller@seznam"]
[PlyCount "89"]
[TimeControl "240+2"]

{600MB, Fritz10.ctg} 1. d4 d5 2. Nf3 g6 3. b3 Bg7 4. Bb2 c5 5. e3 Nc6 6. Be2
Nh6 7. O-O Bg4 8. h3 Bxf3 9. Bxf3 cxd4 10. exd4 O-O 11. Re1 Re8 12. c3 Nf5 13.
Nd2 e6 14. Nf1 Rc8 15. Bg4 Nd6 16. Be2 Qg5 17. Nh2 Ne4 18. Nf3 Qf6 19. Bd3 Ng5
20. Nxg5 Qxg5 21. Bc1 Qf6 22. Bd2 Qh4 23. Qf3 Qf6 24. Qg3 h6 25. Bb5 a6 26.
Bxc6 Rxc6 27. Rac1 Rec8 28. Bf4 Qe7 29. Qe3 h5 30. Bg5 Qc7 31. Bf4 Qa5 32. Qe2
Qa3 33. Qd2 b5 34. g4 hxg4 35. hxg4 Qe7 36. Kg2 f6 37. Bh6 g5 38. Bxg7 Kxg7 39.
Rh1 Qf7 40. Rh5 Rg8 41. Rch1 Kf8 42. Rh7 Rg7 43. Rh8+ Ke7 44. Ra8 Rc7 45. Rxa6
0-1

[Event "M11"]
[Site "?"]
[Date "2024.07.24"]
[Round "6"]
[White "Tesar, Jakub"]
[Black "Verner, Matej"]
[Result "1-0"]
[ECO "D38"]
[WhiteElo "2064"]
[BlackElo "2067"]
[Annotator ",martin-koller@seznam"]
[PlyCount "67"]
[TimeControl "240+2"]

{600MB, Fritz10.ctg} 1. d4 d5 2. c4 e6 3. Nf3 Nf6 4. Nc3 Bb4 5. cxd5 exd5 6.
Bg5 h6 7. Bh4 Nbd7 8. Qc2 g5 9. Bg3 Ne4 10. Nd2 Nxg3 11. hxg3 c6 12. a3 Bf8 13.
e4 dxe4 14. Ncxe4 Nb6 15. O-O-O Be6 16. Nc5 Qc7 17. Nxe6 fxe6 18. Bc4 O-O-O 19.
Bxe6+ Kb8 20. Nc4 Bg7 21. Ne3 Rhe8 22. Bb3 Rxd4 23. Rxd4 Bxd4 24. Nf5 Qe5 25.
Nxd4 Qxd4 26. Qd2 Qf6 27. f3 c5 28. Rd1 c4 29. Bc2 Kc7 30. Be4 c3 31. Qxc3+
Qxc3+ 32. bxc3 Nc4 33. Rd4 Nxa3 34. Bd3 1-0

[Event "M11"]
[Site "?"]
[Date "2024.07.24"]
[Round "6"]
[White "Giertli, Vladimir"]
[Black "Nilsson, Patrik"]
[Result "0-1"]
[ECO "C02"]
[WhiteElo "1959"]
[BlackElo "2095"]
[Annotator ",martin-koller@seznam"]
[PlyCount "88"]
[TimeControl "240+2"]

{600MB, Fritz10.ctg} 1. e4 e6 2. d4 d5 3. e5 c5 4. c3 Qb6 5. Bd3 Nc6 6. Ne2
cxd4 7. cxd4 Nb4 8. O-O Nxd3 9. Qxd3 Bd7 10. Nbc3 Ne7 11. b4 Nf5 12. Rb1 Rc8
13. g4 Nh4 14. Bg5 Ng6 15. a3 Rc4 16. h3 h5 17. Qg3 hxg4 18. hxg4 Be7 19. Bxe7
Kxe7 20. f4 f6 21. exf6+ gxf6 22. Rbd1 Qd6 23. Kg2 Rcc8 24. Rh1 Rcg8 25. Rxh8
Rxh8 26. Rh1 Rxh1 27. Kxh1 Kd8 28. g5 f5 29. Qh2 Kc8 30. Kg1 a5 31. bxa5 Qxa3
32. Qh7 Be8 33. Qg8 Kd7 34. Qg7+ Ne7 35. Kf2 Qxa5 36. Qe5 Qc7 37. Qg7 Bh5 38.
Nb5 Qc2 39. Nbc3 b5 40. Qe5 b4 41. Nb5 Qxe2+ 42. Qxe2 Bxe2 43. Kxe2 Ng6 44. Ke3
Ne7 0-1

[Event "M11"]
[Site "?"]
[Date "2024.07.24"]
[Round "6"]
[White "Svoboda, Daniel"]
[Black "Zwick, Hubert"]
[Result "0-1"]
[ECO "B13"]
[WhiteElo "1920"]
[BlackElo "2018"]
[Annotator ",martin-koller@seznam"]
[PlyCount "50"]
[TimeControl "240+2"]

{600MB, Fritz10.ctg} 1. e4 c6 2. d4 d5 3. exd5 cxd5 4. Bd3 Qc7 5. c3 Nc6 6. h3
Nf6 7. Nf3 e6 8. O-O h6 9. Re1 Bd6 10. Be3 a6 11. a4 Bd7 12. b4 O-O 13. Qd2 Ne4
14. Qc2 f5 15. Na3 Be8 16. Nd2 f4 17. Bxe4 dxe4 18. Qxe4 fxe3 19. Qxe6+ Bf7 20.
Qxe3 Ne7 21. Ne4 Nd5 22. Qd3 Bg6 23. Qc4 Bxe4 24. Rxe4 Qf7 25. Rf1 Rac8 0-1

[Event "M11"]
[Site "?"]
[Date "2024.07.24"]
[Round "6"]
[White "Hanl, Frantisek"]
[Black "Melerowicz, Thomas"]
[Result "1-0"]
[ECO "A01"]
[WhiteElo "2098"]
[BlackElo "2017"]
[Annotator ",martin-koller@seznam"]
[PlyCount "74"]
[TimeControl "240+2"]

{600MB, Fritz10.ctg} 1. b3 g6 2. Bb2 Nf6 3. e4 Bg7 4. e5 Nd5 5. Qf3 e6 6. d4
O-O 7. c4 Nb4 8. Qc3 a5 9. a3 N4c6 10. f4 d6 11. Nf3 dxe5 12. fxe5 f6 13. exf6
Bxf6 14. Qe3 e5 15. d5 Nd4 16. Kd1 Bg4 17. Nbd2 Nd7 18. Ne4 Bg7 19. Be2 Bxf3
20. gxf3 Qh4 21. Rb1 b6 22. Bc3 Nc5 23. Be1 Qe7 24. b4 axb4 25. Bxb4 Rf4 26.
Rf1 Raf8 27. Bxc5 bxc5 28. Rb7 Qh4 29. Rxc7 Rb8 30. Nc3 Rb3 31. d6 Nxe2 32.
Kxe2 Rb2+ 33. Kd1 Qxh2 34. Ne2 Rb1+ 35. Kc2 Rxf1 36. Rxg7+ Kxg7 37. Qxe5+ Kh6
1-0

[Event "M11"]
[Site "?"]
[Date "2024.07.24"]
[Round "6"]
[White "Hansch, Stephan"]
[Black "Aubrecht, Petr"]
[Result "1/2-1/2"]
[ECO "A59"]
[WhiteElo "2150"]
[BlackElo "1984"]
[Annotator ",martin-koller@seznam"]
[PlyCount "116"]
[TimeControl "240+2"]

{600MB, Fritz10.ctg} 1. d4 Nf6 2. Nf3 g6 3. c4 c5 4. d5 b5 5. cxb5 a6 6. bxa6
Bxa6 7. Nc3 Bg7 8. e4 Bxf1 9. Kxf1 d6 10. g3 O-O 11. Kg2 Na6 12. Qe2 Qd7 13.
Nd2 Rfb8 14. Nc4 Ng4 15. f4 Bd4 16. Rf1 Nb4 17. h3 Nf6 18. Be3 Qa7 19. a4 Bxe3
20. Nxe3 Qa6 21. Nc4 Nc2 22. Qxc2 Qxc4 23. Ra3 Rb4 24. b3 Qa6 25. e5 Nd7 26. e6
fxe6 27. dxe6 Nf6 28. f5 g5 29. Qd2 c4 30. bxc4 Rxc4 31. Qxg5+ Kh8 32. Qe3 Rg8
33. Rb3 Nh5 34. Rf3 Qc6 35. Kh2 Nf6 36. Rf4 Rc5 37. Qd4 Rc8 38. Ne2 Rc2 39. Rb2
Qa6 40. Rf2 Rxb2 41. Qxb2 Qxa4 42. Nf4 Kg8 43. Qb7 Re8 44. Nd5 Nxd5 45. Qxd5
Qa1 46. Qc6 Rf8 47. f6 Rxf6 48. Qe8+ Kg7 49. Qxe7+ Kg6 50. Qe8+ Kh6 51. Rxf6+
Qxf6 52. Kg2 Qb2+ 53. Kf3 Qc3+ 54. Ke4 Qc4+ 55. Kf5 Qd5+ 56. Kf4 Qd4+ 57. Kf3
Qd3+ 58. Kf2 Qd2+ 1/2-1/2

[Event "K11"]
[Site "?"]
[Date "2024.07.24"]
[Round "6"]
[White "Thomasson, Staffan"]
[Black "Docekalova, Alexandra"]
[Result "1/2-1/2"]
[ECO "E07"]
[WhiteElo "1871"]
[BlackElo "1979"]
[Annotator ",martin-koller@seznam"]
[PlyCount "46"]
[TimeControl "240+2"]

{600MB, Fritz10.ctg} 1. c4 e6 2. g3 d5 3. Bg2 Nf6 4. Nf3 Be7 5. O-O O-O 6. d4
c6 7. b3 Nbd7 8. Bb2 Ne4 9. Nbd2 f5 10. Rc1 Nd6 11. Qc2 Nf6 12. Ne5 Bd7 13. f3
Rc8 14. e4 dxe4 15. fxe4 Ng4 16. Nxg4 fxg4 17. d5 cxd5 18. exd5 Nf5 19. Be4 g6
20. Qd3 Qb6+ 21. Kh1 Bf6 22. Ba3 Be7 23. Bb2 Bf6 1/2-1/2

[Event "K11"]
[Site "?"]
[Date "2024.07.24"]
[Round "6"]
[White "Pranner, Marion"]
[Black "Thalheim, Peter"]
[Result "1/2-1/2"]
[ECO "C17"]
[WhiteElo "2055"]
[BlackElo "1866"]
[Annotator ",martin-koller@seznam"]
[PlyCount "49"]
[TimeControl "240+2"]

{600MB, Fritz10.ctg} 1. e4 e6 2. d4 d5 3. Nc3 Bb4 4. e5 c5 5. Bb5+ Bd7 6. Bxd7+
Qxd7 7. Be3 cxd4 8. Bxd4 Nc6 9. Nge2 Nxd4 10. Qxd4 Bxc3+ 11. Nxc3 a6 12. O-O
Rc8 13. Rac1 Ne7 14. Rfd1 Rc4 15. Qd2 Qc7 16. f4 O-O 17. Ne2 Qb6+ 18. Nd4 Nf5
19. c3 Rfc8 20. Kh1 Nxd4 21. cxd4 Qc6 22. Rxc4 Qxc4 23. b3 Qc2 24. h3 Qxd2 25.
Rxd2 1/2-1/2

[Event "K11"]
[Site "?"]
[Date "2024.07.24"]
[Round "6"]
[White "Korenek, Frantisek"]
[Black "Marsalek, Lubos"]
[Result "1/2-1/2"]
[ECO "B50"]
[WhiteElo "1886"]
[BlackElo "1914"]
[Annotator ",martin-koller@seznam"]
[PlyCount "40"]
[TimeControl "240+2"]

{600MB, Fritz10.ctg} 1. e4 c5 2. Nf3 Nc6 3. Nc3 d6 4. g3 g6 5. Bg2 Bg7 6. O-O
e5 7. Nd5 Nf6 8. d3 Nxd5 9. exd5 Ne7 10. c4 O-O 11. h3 h6 12. Kh2 f5 13. Ng1 f4
14. Be4 Bd7 15. g4 a6 16. a4 b5 17. axb5 axb5 18. Bd2 b4 19. Rxa8 Qxa8 20. Qa1
Qb7 1/2-1/2